 Dungeon Crawl Stone Soup version 0.24-a0-429-g4608c8fa30 (webtiles) character file.

Game seed: 17345955430182330694

99544 ivs the Eclecticist (level 15, 0/88 HPs)
             Began as a Deep Elf Venom Mage on June 13, 2019.
             Was the Champion of Ashenzari.
             Slain by an anaconda (13 damage)
             ... on level 4 of the Snake Pit.
             The game lasted 03:40:20 (13304 turns).

ivs the Eclecticist (Deep Elf Venom Mage)          Turns: 13304, Time: 03:40:21

Health: 0/88       AC: 20    Str: 13    XL:     15   Next: 78%
Magic:  22/48      EV: 13    Int: 30    God:    Ashenzari [******]
Gold:   203        SH:  5    Dex: 11    Spells: 10/50 levels left

rFire    . . .     SeeInvis +   t - +9 scimitar (flame) (curse)
rCold    . . .     Gourm    .   b - +0 buckler (curse)
rNeg     . . .     Faith    .   M - +3 leather armour {MR+} (curse)
rPois    +         Spirit   .   q - +2 helmet (curse)
rElec    .         Reflect  .   L - +1 cloak
rCorr    .         Harm     .   V - +1 pair of gloves
MR       ++...     Clarity  +   G - +1 pair of boots
Stlth    ++........             K - amulet of magic regeneration (curse)
HPRegen  1.24/turn              T - ring "Mazaytso" {rPois AC+4 Str+8 Int+3 Dex-4} (curse)
MPRegen  0.56/turn              y - ring of magical power (curse)

@: lethally poisoned (0 -> 0), regenerating, constricted
A: no striking features
a: Curse Item, Scrying, Transfer Knowledge, Renounce Religion


You were on level 4 of the Snake Pit.
You worshipped Ashenzari.
Ashenzari was exalted by your worship.
You were not hungry.

You visited 6 branches of the dungeon, and saw 27 of its levels.

You collected 2050 gold pieces.
You spent 1847 gold pieces at shops.

Inventory:

Hand Weapons
 t - a cursed +9 scimitar of flaming (weapon)
 S - the +6 shortbow "Zoerism" {flame, rElec Str+3 Dex+2}
   (You found it on level 1 of the Lair of Beasts)

   It causes projectiles fired from it to burn those they strike, causing extra
   injury to most foes and up to half again as much damage against particularly
   susceptible opponents.
   It affects your strength (+3).
   It affects your dexterity (+2).
   It insulates you from electricity.
Missiles
 i - 20 datura-tipped darts (quivered)
 E - 2 throwing nets
 Z - 8 curare-tipped darts
Armour
 b - a cursed +0 buckler (worn)
 q - a cursed +2 helmet (worn)
 F - a +1 large shield of protection
 G - a +1 pair of boots (worn)
 L - a +1 cloak (worn)
 M - a cursed +3 leather armour of magic resistance (worn)
 V - a +1 pair of gloves (worn)
Magical Staves
 I - an uncursed staff of conjuration
 W - a cursed staff of energy
Jewellery
 r - an uncursed ring of protection from fire
 y - a cursed ring of magical power (right hand)
 A - an uncursed ring of ice
 J - an uncursed ring of protection from magic
 K - a cursed amulet of magic regeneration (around neck)
 T - the cursed ring "Mazaytso" (left hand) {rPois AC+4 Str+8 Int+3 Dex-4}
   (You found it on level 10 of the Dungeon)

   [ring of protection]

   It affects your AC (+4).
   It affects your strength (+8).
   It affects your intelligence (+3).
   It affects your dexterity (-4).
   It protects you from poison.
   It has a curse placed upon it.
Wands
 a - a wand of acid (3)
 h - a wand of enslavement (12)
 B - a wand of disintegration (12)
 Q - a wand of paralysis (7)
 R - a wand of digging (8)
Scrolls
 g - 11 scrolls of teleportation
 k - 4 scrolls of immolation
 l - 2 scrolls of fear
 n - a scroll of amnesia
 o - a scroll of fog
 C - 3 scrolls of enchant weapon
 H - 2 scrolls of magic mapping
 O - 2 scrolls of vulnerability
 Y - a scroll of acquirement
Potions
 d - a potion of brilliance
 e - 4 potions of flight
 f - 4 potions of curing
 j - a potion of lignification
 m - a potion of haste
 w - 3 potions of ambrosia
 z - 4 potions of agility
 D - a potion of invisibility
 U - a potion of cancellation
Miscellaneous
 N - a box of beasts
Comestibles
 c - 33 rations


   Skills:
 + Level 7.8 Fighting
   Level 1.1(7.7) Short Blades
 - Level 11.0(15.2) Long Blades
 - Level 4.1 Armour
 - Level 10.2 Dodging
 - Level 3.0 Stealth
 - Level 4.2(7.1) Shields
 - Level 18.0 Spellcasting
 + Level 9.5(13.8) Conjurations
 - Level 4.1(8.3) Hexes
 - Level 7.0(11.5) Charms
 * Level 8.2(12.7) Summonings
 - Level 4.0(8.2) Necromancy
 - Level 4.0(8.2) Fire Magic
 - Level 2.2(5.7) Air Magic
 - Level 9.2(13.5) Poison Magic
 - Level 4.0(8.2) Evocations


You had 10 spell levels left.
You knew the following spells:

 Your Spells              Type           Power        Failure   Level  Hunger
a - Sting                 Conj/Pois      ####         0%          1    None
b - Poisonous Vapours     Pois/Air       ######       1%          2    None
c - Mephitic Cloud        Conj/Pois/Air  #######.     1%          3    None
d - Olgreb's Toxic Radia  Pois           #######.     1%          4    None
e - Venom Bolt            Conj/Pois      #######...   1%          5    None
f - Summon Hydra          Summ           #######...   9%          7    ####...
i - Animate Dead          Necr           N/A          1%          4    None
k - Iskenderun's Mystic   Conj           #######.     1%          4    None
r - Regeneration          Chrm/Necr      ######....   1%          3    None
s - Spectral Weapon       Hex/Chrm       ######..     1%          3    None
t - Sticky Flame          Conj/Fire      #######.     1%          4    None

Your spell library contained the following spells:

 Spells                   Type           Power        Failure   Level  Hunger
 Infusion                 Chrm           ####         0%          1    None
 Summon Small Mammal      Summ           ####         0%          1    None
 Animate Skeleton         Necr           N/A          1%          1    None
 Apportation              Tloc           ####..       1%          1    None
 Confusing Touch          Hex            ######       1%          1    None
 Pain                     Necr           ####         1%          1    None
 Corpse Rot               Necr           N/A          1%          2    None
 Shroud of Golubria       Chrm/Tloc      ######       1%          2    None
 Song of Slaying          Chrm           #######.     1%          2    None
 Swiftness                Chrm/Air       ######..     1%          2    None
 Stone Arrow              Conj/Erth      ######       1%          3    None
 Vampiric Draining        Necr           ######....   1%          3    None
 Force Lance              Conj/Tloc      ######..     1%          4    None
 Leda's Liquefaction      Hex/Erth       ######....   3%          4    None
 Summon Forest            Summ/Tloc      ######....   3%          5    None
 Hydra Form               Tmut           ####......   91%         6    #......


Dungeon Overview and Level Annotations

Branches:
Dungeon (13/15)            Temple (1/1) D:6            Lair (6/6) D:11
  Swamp (0/4) Lair:2        Snake (4/4) Lair:3        Slime (0/5) Lair:5
    Orc (2/2) D:11            Elf (1/3) Orc:2
 Vaults: D:13-14

Altars:
Ashenzari
Cheibriados
Dithmenos
Elyvilon
Fedhas
Gozag
Hepliaklqana
Kikubaaqudgha
Makhleb
Nemelex Xobeh
Okawaru
Qazlal
Ru
Sif Muna
Trog
Uskayaw
Vehumet
Wu Jian
Xom
Yredelemnul
Zin
The Shining One
Beogh
Jiyva

Shops:
D:4 %   D:7 ?   D:11 !   Orc:2 (=[%   Snake:1 *   Snake:2 *

Annotations:
D:10 3 runed translucent doors
D:12 2 transporters, DEFE's ghost, journeyman DsWn
D:13 exclusion: ice statue


Message History

You feel sick.
Found a wand of enslavement (6).
You now have 203 gold pieces (gained 12).
You feel sick.
You feel sick.
You feel sick.
You feel sick.
You open the door.
You feel sick.
Found a stone staircase leading up.
An anaconda comes into view.
The anaconda hisses angrily.
Found an escape hatch in the ceiling.
There is an open door here.
Casting: Animate Dead (safe; 1% risk of failure)
Confirm with . or Enter, or press ? or * to list all spells.
You call on the dead to rise...
Nothing appears to happen.
You feel sick.
Casting: Animate Dead (safe; 1% risk of failure)
Confirm with . or Enter, or press ? or * to list all spells.
A four-headed hydra appears.
The anaconda grabs you. The anaconda bites you!
You die...

,,* *,,,,,,,,** ,,*
*...<..,,,** ,,*
*#......,,,,* ,,** ***
****.......*,*** ,,,**
***,****,,,.......,**
***,***,,,,,,,,,,....<..,,*
,,***,*,,########.......,,*
*,,,,,*,##...../#.D.....,,*
,,,,,**##.......@S......,,*
,,,,**,#..%.....#.......,**
,,,,,+*#........#.......**
,,,,,,*##.......#.......*
,,,,,**#........#.......**
,,,***,#.......##.......,**
+***,,,##......#,.......,,*
,,,,,,,#.#N#...#,.......,,*
,{,,,,,##.##+###,,,,,,,,,,**


You could see a naga warrior, an anaconda and a friendly four-headed hydra.

Vanquished Creatures
  2 nagarajas
  An orc warlord (Orc:2)
  Aizul (Snake:2)
  Josephine (Orc:2)
  4 hydras
  5 naga warriors
  Erica (D:8)
  A centaur warrior (D:10)
  3 anacondas
  11 two-headed ogres
  2 tengu warriors (D:13)
  2 ogre magi (D:10)
  3 naga sharpshooters
  6 orc high priests
  2 shock serpents (Snake:2)
  Sonja (Orc:2)
  2 naga ritualists (Snake:1)
  An unseen horror (D:13)
  4 orc knights
  9 mana vipers
  A wolf spider (Lair:6)
  3 orc sorcerers
  2 ugly things (D:13)
  6 salamanders
  Maurice (D:11)
  2 manticores
  5 elephants (Lair:6)
  2 guardian serpents
  19 black mambas
  5 naga magi
  10 spiny frogs
  2 centaur skeletons
  6 komodo dragons
  5 trolls
  A polar bear (Lair:6)
  5 hornets
  25 blink frogs
  2 slime creatures (D:13)
  5 hippogriffs
  A redback (Lair:6)
  14 wyverns
  A basilisk (D:11)
  43 yaks
  A wraith (Orc:2)
  A hungry ghost (D:12)
  2 swamp worms (Lair:2)
  5 wargs
  17 water moccasins
  17 nagas
  An acid dragon (D:13)
  9 porcupines
  35 orc warriors
  3 sky beasts
  A phantom (D:13)
  3 ice beasts
  A necrophage (D:10)
  8 centaurs
  18 ogres
  9 wolves
  9 crocodiles
  A big kobold (D:13)
  14 bullfrogs
  3 scorpions
  10 killer bees
  4 wights
  3 electric eels (D:10)
  A howler monkey (D:8)
  3 crimson imps
  A centaur zombie (D:5)
  A quasit (D:13)
  5 jellies
  33 orc priests
  7 hounds
  18 orc wizards
  6 iguanas
  Natasha (thrice) (D:2)
  5 worker ants
  Robin (D:2)
  A howler monkey skeleton (D:11)
  10 adders
  4 shadow imps
  2 adder zombies
  A dart slug (D:3)
  3 worms
  5 leopard geckos
  116 orcs
  A bat (D:3)
  4 giant cockroaches
  11 goblins
  9 hobgoblins
  10 jackals
  6 quokkas
  A ball python (D:3)
  4 frilled lizards
  A giant cockroach zombie (D:6)
  10 kobolds
  A leopard gecko skeleton (D:4)
  3 rats (D:3)
  A plant (Lair:6)
691 creatures vanquished.

Vanquished Creatures (collateral kills)
  Saint Roka (Snake:2)
  Nikola (Snake:2)
  A nagaraja (Snake:4)
  A naga ritualist (Snake:4)
  A naga mage (Snake:3)
  4 black mambas
  A gargoyle (D:11)
  2 yaks (D:11)
  4 nagas
  A leopard gecko (D:11)
  3 orcs (D:11)
  A fungus (Lair:6)
21 creatures vanquished.

Vanquished Creatures (others)
  6 fungi
  3 plants
  A spectral weapon (Snake:3)
10 creatures vanquished.

Grand Total: 722 creatures vanquished

Notes
Turn   | Place    | Note
-------+----------+-------------------------------------------
     0 | D:1      | ivs the Deep Elf Venom Mage began the quest for the Orb.
     0 | D:1      | Reached XP level 1. HP: 10/10 MP: 6/6
    89 | D:1      | Reached XP level 2. HP: 13/15 MP: 2/8
    93 | D:1      | Learned a level 2 spell: Poisonous Vapours
   209 | D:1      | Found a shattered altar of Ashenzari.
   218 | D:1      | Became a worshipper of Ashenzari the Shackled
   442 | D:2      | Reached skill level 1 in Air Magic
   443 | D:2      | Reached XP level 3. HP: 12/19 MP: 2/9
   652 | D:2      | Noticed Robin
   708 | D:2      | Noticed Natasha
   716 | D:2      | Killed Natasha
   716 | D:2      | Reached XP level 4. HP: 10/24 MP: 2/11
   751 | D:2      | Noticed Natasha
   763 | D:2      | Killed Natasha
   836 | D:2      | Noticed Natasha
   851 | D:2      | Killed Natasha
   851 | D:2      | Reached skill level 4 in Spellcasting
   856 | D:2      | Learned a level 3 spell: Mephitic Cloud
  1032 | D:2      | Killed Robin
  1032 | D:2      | Reached XP level 5. HP: 27/28 MP: 7/13
  1294 | D:4      | Learned a level 4 spell: Olgreb's Toxic Radiance
  1585 | D:3      | Reached * piety under Ashenzari
  1868 | D:4      | Found Acroigeh's Food Shop.
  1958 | D:4      | Noticed an ogre
  1968 | D:4      | Killed an ogre
  1968 | D:4      | Reached skill level 5 in Spellcasting
  1968 | D:4      | Reached skill level 5 in Poison Magic
  1968 | D:4      | Reached XP level 6. HP: 33/33 MP: 15/15
  2041 | D:5      | Entered Level 5 of the Dungeon
  2216 | D:5      | Reached skill level 1 in Fighting
  2252 | D:5      | Identified the cursed +1 hunting sling of the Doomed
                  | Warrior {venom, rF+ MR+ Str-2 Dex+3}
  2305 | D:5      | Reached skill level 1 in Evocations
  2321 | D:5      | Reached skill level 6 in Spellcasting
  2321 | D:5      | Reached XP level 7. HP: 38/38 MP: 18/18
  2328 | D:5      | Learned a level 5 spell: Venom Bolt
  2377 | D:5      | Reached ** piety under Ashenzari
  2532 | D:6      | Reached skill level 7 in Spellcasting
  2680 | D:6      | Found a staircase to the Ecumenical Temple.
  2689 | D:6      | Reached skill level 8 in Spellcasting
  2689 | D:6      | Reached XP level 8. HP: 26/45 MP: 10/22
  2844 | Temple   | Entered the Ecumenical Temple
  3023 | D:7      | Found Laiz's Magic Scroll Boutique.
  3028 | D:7      | Bought a scroll of remove curse for 39 gold pieces
  3049 | D:7      | Learned a level 3 spell: Regeneration
  3164 | D:7      | Reached skill level 9 in Spellcasting
  3249 | D:7      | Reached skill level 1 in Short Blades
  3401 | D:7      | Reached skill level 1 in Shields
  3562 | D:8      | Reached XP level 9. HP: 50/50 MP: 24/24
  3690 | D:8      | Reached skill level 10 in Spellcasting
  3821 | D:7      | Reached skill level 5 in Conjurations
  3879 | D:6      | You fall into a shaft and drop 2 floors!
  4012 | D:8      | Reached *** piety under Ashenzari
  4106 | D:8      | Noticed a two-headed ogre
  4125 | D:8      | Killed a two-headed ogre
  4125 | D:8      | Reached skill level 11 in Spellcasting
  4126 | D:8      | Noticed Erica
  4138 | D:8      | Killed Erica
  4138 | D:8      | Reached XP level 10. HP: 56/56 MP: 2/27
  4245 | D:9      | Found a basalt altar of Yredelemnul.
  4395 | D:9      | Reached skill level 12 in Spellcasting
  4997 | D:10     | Entered Level 10 of the Dungeon
  5073 | D:10     | Noticed a deep elf mage
  5073 | D:10     | Noticed a four-headed hydra
  5074 | D:10     | Found a runed translucent door.
  5075 | D:10     | Found a runed translucent door.
  5077 | D:10     | Found a runed translucent door.
  5077 | D:10     | Noticed a two-headed ogre
  5102 | D:10     | Killed a two-headed ogre
  5102 | D:10     | Reached skill level 13 in Spellcasting
  5161 | D:10     | Noticed an ogre mage
  5161 | D:10     | Noticed a two-headed ogre
  5161 | D:10     | Noticed a centaur warrior
  5161 | D:10     | Noticed a two-headed ogre
  5161 | D:10     | Noticed an ogre mage
  5233 | D:10     | Reached skill level 1 in Long Blades
  5552 | D:9      | Reached XP level 11. HP: 60/60 MP: 30/30
  5634 | D:10     | Killed an ogre mage
  5634 | D:10     | Reached skill level 5 in Dodging
  5637 | D:10     | Killed an ogre mage
  5660 | D:10     | Killed a two-headed ogre
  5660 | D:10     | Reached skill level 14 in Spellcasting
  5724 | D:10     | Killed a centaur warrior
  5745 | D:10     | Killed a two-headed ogre
  5756 | D:10     | Identified the ring "Mazaytso" {rPois AC+4 Str+8 Int+3
                  | Dex-4}
  5909 | D:11     | Found a staircase to the Lair.
  5981 | D:11     | Learned a level 3 spell: Spectral Weapon
  6065 | D:11     | Reached skill level 5 in Long Blades
  6087 | D:11     | Noticed Maurice
  6185 | D:11     | Killed Maurice
  6202 | D:11     | Reached **** piety under Ashenzari
  6213 | D:11     | Found Hutuafie's Distillery.
  6221 | D:11     | Reached skill level 15 in Spellcasting
  6277 | D:11     | Found a staircase to the Orcish Mines.
  6348 | Lair:1   | Entered Level 1 of the Lair of Beasts
  6384 | Lair:1   | Reached XP level 12. HP: 64/64 MP: 18/33
  6414 | Lair:1   | Identified the +6 shortbow "Zoerism" {flame, rElec Str+3
                  | Dex+2}
  6745 | Lair:2   | Noticed an eight-headed hydra
  6757 | Lair:2   | Killed an eight-headed hydra
  6864 | Lair:2   | Reached skill level 1 in Armour
  6869 | Lair:2   | Reached skill level 16 in Spellcasting
  6952 | Lair:2   | Reached ***** piety under Ashenzari
  6964 | Lair:2   | Found a staircase to the Swamp.
  6964 | Lair:2   | Noticed a four-headed hydra
  6964 | Lair:2   | Noticed a four-headed hydra
  7184 | Lair:3   | Found a staircase to the Snake Pit.
  7576 | Lair:5   | Reached XP level 13. HP: 57/70 MP: 16/35
  7589 | Lair:5   | Found a viscous altar of Jiyva.
  7590 | Lair:5   | Found a staircase to the Slime Pits.
  7713 | Lair:6   | Entered Level 6 of the Lair of Beasts
  8050 | Lair:6   | Reached skill level 17 in Spellcasting
  8281 | Lair:6   | Reached skill level 5 in Fighting
  8756 | Lair:2   | Reached skill level 1 in Hexes
  8756 | Lair:2   | Reached skill level 5 in Charms
  8860 | Orc:1    | Entered Level 1 of the Orcish Mines
  8928 | Orc:1    | Reached ****** piety under Ashenzari
  8994 | Orc:1    | Found a roughly hewn altar of Beogh.
  9002 | Orc:1    | Reached skill level 10 in Long Blades
  9038 | Orc:2    | Entered Level 2 of the Orcish Mines
  9136 | Orc:1    | Found a roughly hewn altar of Beogh.
  9192 | Orc:2    | Noticed Sonja
  9198 | Orc:2    | Killed Sonja
  9223 | Orc:2    | Reached XP level 14. HP: 79/79 MP: 26/37
  9238 | Orc:2    | Found a roughly hewn altar of Beogh.
  9248 | Orc:2    | Found Tanyim's Antique Weapon Boutique.
  9263 | Orc:2    | Found Tigru's Jewellery Shop.
  9658 | Orc:2    | Noticed Josephine
  9664 | Orc:2    | Killed Josephine
  9780 | Orc:2    | Noticed an orc warlord
  9806 | Orc:2    | Killed an orc warlord
  9834 | Orc:2    | Found a roughly hewn altar of Beogh.
  9954 | Orc:2    | Found Venipo's Antique Armour Emporium.
 10008 | Orc:2    | Found Syiquemmaci's Food Shop.
 10155 | Orc:2    | Found a staircase to the Elven Halls.
 10163 | Elf:1    | Entered Level 1 of the Elven Halls
 10327 | D:7      | Bought a scroll of acquirement for 676 gold pieces
 10327 | D:7      | Bought a scroll of acquirement for 676 gold pieces
 10329 | D:7      | Identified the Guide on Assistive Conjuration (You acquired
                  | it on level 7 of the Dungeon)
 10336 | D:7      | Learned a level 4 spell: Iskenderun's Mystic Blast
 10341 | D:7      | Learned a level 4 spell: Sticky Flame
 10346 | D:7      | Learned a level 4 spell: Animate Dead
 10348 | D:7      | Bought a scroll of enchant weapon for 97 gold pieces
 10348 | D:7      | Bought a scroll of enchant weapon for 97 gold pieces
 10348 | D:7      | Bought a scroll of magic mapping for 45 gold pieces
 10514 | D:12     | Found a transporter.
 10516 | D:12     | Noticed DEFE's ghost (journeyman DsWn)
 10517 | D:12     | Noticed a stone giant
 10617 | D:12     | Found a transporter.
 10634 | D:12     | Noticed a storm dragon
 10634 | D:12     | a six-headed hydra changed into a storm dragon
 10638 | D:12     | a storm dragon changed into a queen ant
 10647 | D:12     | Noticed an entropy weaver
 10647 | D:12     | a fire dragon changed into an entropy weaver
 10787 | D:12     | Reached skill level 1 in Fire Magic
 11025 | D:13     | Found Cacod's Armour Boutique.
 11417 | Snake:1  | Entered Level 1 of the Snake Pit
 11449 | Lair:3   | Reached skill level 10 in Dodging
 11671 | Snake:1  | Found Maug's Mayhem Merchandise.
 11735 | Snake:1  | Learned a level 7 spell: Summon Hydra
 11819 | Snake:1  | Reached skill level 1 in Summonings
 11819 | Snake:1  | Reached XP level 15. HP: 85/86 MP: 33/38
 12165 | Snake:2  | Found a shadowy altar of Dithmenos.
 12205 | Snake:2  | Noticed Nikola
 12235 | Snake:2  | Killed Nikola
 12300 | Snake:2  | Reached skill level 5 in Summonings
 12384 | Snake:2  | Found Voydenux's Assorted Antiques.
 12392 | Snake:2  | Bought a scroll of blinking for 217 gold pieces
 12406 | Snake:2  | Noticed Aizul
 12420 | Snake:2  | Killed Aizul
 12435 | Snake:2  | Noticed a nagaraja
 12444 | Snake:2  | Killed a nagaraja
 12581 | Snake:2  | Reached skill level 18 in Spellcasting
 12587 | Snake:2  | Noticed Saint Roka
 12805 | Snake:2  | Killed Saint Roka
 12961 | Snake:3  | Noticed a nagaraja
 12967 | Snake:3  | Killed a nagaraja
 13217 | Snake:4  | Entered Level 4 of the Snake Pit
 13258 | Snake:4  | Noticed a nagaraja
 13278 | Snake:4  | Killed a nagaraja
 13304 | Snake:4  | Slain by an anaconda

Levels and vault maps discovered:
D:1:      roderic_dead_forest, layout_loops_ring, ashenzari_altar_1
D:2:      layout_rooms, minmay_misc_feat_tiny, nrook_mini_vaults,
          kennysheep_cross_bottleneck, uniq_natasha, uniq_robin
D:3:      layout_basic
D:4:      layout_basic, serial_shops, nicolae_shop_stone
D:5:      layout_cave_pools, first_ration
D:6:      layout_cave_pools, minmay_temple_entry_offerings, serial_shops, shop
D:7:      layout_basic, serial_shops,
          nicolae_shop_temple_entry_statues_fountains
D:8:      layout_basic, serial_shops, shop, grunt_ogre_cave, uniq_erica
D:9:      layout_long_grid, hangedman_glass_teeth, yredelemnul_altar_generic
D:10:     minmay_the_grid_triangle_9x9_rhombus_thin_mashed
          [minmay_the_grid_triangle_9x9_corrupted_corridor,
          minmay_the_grid_triangle_9x9_prize_top_heavy,
          minmay_the_grid_triangle_9x9_zippers_horizontal,
          minmay_the_grid_triangle_9x9_fully_insulated_deathbox], layout_basic
D:11:     layout_big_octagon, minmay_lair_entry_grove, orc_0_dummy,
          serial_shops, shop, uniq_maurice
D:12:     layout_basic, gammafunk_ghost_arena
D:13:     lemuel_ice_statue, layout_irregular_city, serial_shops, shop
Temple:   nicolae_temple_the_god_donut
Lair:1:   layout_regular_city, minivault_19
Lair:2:   layout_layer_cave, palyth_hydra_swamp_entry
Lair:3:   layout_concentric_octagons, guppyfry_snake_entry_island,
          nicolae_quartered_pool_super
Lair:4:   layout_gridlike, grunt_megastairs_3
Lair:5:   layout_loops_ring, slime_altar_1
Lair:6:   hangedman_lair_tendril_chambers, layout_long_grid,
          eino_small_chamber_without_monster
Snake:1:  layout_basic, minmay_shop_mayhem, grunt_ministairs_9
Snake:2:  layout_onion, serial_shops, shop, basic_altar, uniq_aizul,
          uniq_nikola, uniq_vashnia, uniq_saint_roka
Snake:3:  layout_layer_cave
Snake:4:  snake_pit, layout_cave_town, serial_shops, shop, lemuel_oklob_altar
Orc:1:    layout_caves, basic_altar, kennysheep_orc_chapel
Orc:2:    pubby_orc_utopia, serial_shops, uniq_josephine, uniq_sonja
Elf:1:    minmay_shoctagon, layout_geoelf_grid, minmay_elf_crystal_heptagon,
          minmay_elf_sorcery

Skill      XL: |  1  2  3  4  5  6  7  8  9 10 11 12 13 14 15 |
---------------+----------------------------------------------+-----
Conjurations   | 2 4 6 7 9 |  9.5
Air Magic      | 1 2 |  2.2
Poison Magic   | 4 5 6 7 8 9 |  9.2
Spellcasting   | 4 5 6 8 9 11 13 15 16 17 18 | 18.0
Stealth        | 3 |  3.0
Dodging        | 3 4 6 7 8 10 | 10.2
Fighting       | 1 2 3 4 5 7 |  7.8
Evocations     | 1 3 4 |  4.0
Short Blades   | 1 |  1.1
Shields        | 1 3 4 |  4.2
Necromancy     | 2 3 4 |  4.0
Charms         | 2 3 5 7 |  7.0
Long Blades    | 2 5 8 10 11 | 11.0
Armour         | 2 4 |  4.1
Hexes          | 3 4 |  4.1
Fire Magic     | 4 |  4.0
Summonings     | 1 8 |  8.2

Action                   |  1- 3 |  4- 6 |  7- 9 | 10-12 | 13-15 || total
-------------------------+-------+-------+-------+-------+-------++-------
Melee: Short sword       |     1 |       |       |       |       ||     1
       Dagger            |     4 |    29 |    52 |    40 |       ||   125
       Scimitar          |       |       |       |   304 |   540 ||   844
 Cast: Sting             |    44 |    78 |    77 |    62 |    19 ||   280
       Poisonous Vapours |     3 |       |     4 |     5 |     1 ||    13
       Olgreb's Toxic Ra |       |     7 |    26 |    34 |    58 ||   125
       Mephitic Cloud    |       |       |     2 |     4 |     1 ||     7
       Venom Bolt        |       |       |    16 |    80 |   135 ||   231
       Regeneration      |       |       |       |     8 |    55 ||    63
       Spectral Weapon   |       |       |       |       |    10 ||    10
       Iskenderun's Myst |       |       |       |       |   140 ||   140
       Sticky Flame      |       |       |       |       |    35 ||    35
       Animate Dead      |       |       |       |       |     9 ||     9
       Summon Hydra      |       |       |       |       |     6 ||     6
Invok: Curse Item        |     1 |       |     2 |     3 |     2 ||     8
       Scrying           |       |       |       |     2 |       ||     2
Evoke: Wand              |       |     4 |     6 |     4 |    10 ||    24
       Sack of spiders   |       |       |       |     1 |     2 ||     3
       Box of beasts     |       |       |       |       |     1 ||     1
  Use: Scroll            |       |    11 |     2 |    17 |    21 ||    51
       Potion            |       |       |     3 |       |     8 ||    11
 Stab: Sleeping          |       |     5 |     1 |     2 |     2 ||    10
       Distracted        |       |       |       |       |     3 ||     3
  Eat: Chunk             |       |     5 |    10 |    16 |    16 ||    47
       Ration            |       |       |       |       |     3 ||     3
Armor: Robe              |     1 |     8 |    19 |    42 |       ||    70
       Leather armour    |       |       |       |    54 |   154 ||   208
Dodge: Dodged            |    11 |    33 |    64 |   159 |   307 ||   574
Block: Buckler           |       |       |     7 |    63 |   127 ||   197
       Rpst.: Scimitar   |       |       |       |    43 |    81 ||   124

Table legend:
 A = Non-vault XP
 B = Vault XP
 C = Vault XP percentage of total XP
 D = Non-vault monster count
 E = Vault monster count
 F = Vault count percentage of total count
                 A         B        C        D         E       F
            +---------+---------+-------+---------+---------+-------
      Total |   88572 |   53635 |  37.7 |     466 |     244 |  34.4
            +---------+---------+-------+---------+---------+-------
        D:1 |      17 |       0 |   0.0 |       9 |       0 |   0.0
        D:2 |     122 |      72 |  37.1 |      14 |      13 |  48.1
        D:3 |      58 |       0 |   0.0 |      19 |       0 |   0.0
        D:4 |     169 |       0 |   0.0 |       7 |       0 |   0.0
        D:5 |     433 |       0 |   0.0 |      23 |       0 |   0.0
        D:6 |     879 |       0 |   0.0 |      25 |       0 |   0.0
        D:7 |    1270 |       0 |   0.0 |      26 |       0 |   0.0
        D:8 |    2031 |    1060 |  34.3 |      12 |       2 |  14.3
        D:9 |    2436 |       0 |   0.0 |      24 |       0 |   0.0
       D:10 |    2446 |    5024 |  67.3 |      30 |       8 |  21.1
       D:11 |    3887 |    2303 |  37.2 |      25 |      13 |  34.2
       D:12 |    3017 |       0 |   0.0 |      18 |       0 |   0.0
       D:13 |    7038 |       0 |   0.0 |      31 |       0 |   0.0
     Lair:1 |    4438 |       0 |   0.0 |      22 |       0 |   0.0
     Lair:2 |    6663 |    1427 |  17.6 |      28 |       4 |  12.5
     Lair:3 |    4084 |     325 |   7.4 |      19 |       2 |   9.5
     Lair:4 |    2547 |     245 |   8.8 |      13 |       2 |  13.3
     Lair:5 |    2425 |       0 |   0.0 |       7 |       0 |   0.0
     Lair:6 |    6958 |   10269 |  59.6 |      23 |      36 |  61.0
    Snake:1 |   14223 |    1116 |   7.3 |      30 |       2 |   6.2
    Snake:2 |   11349 |    8960 |  44.1 |      19 |      13 |  40.6
    Snake:3 |    6558 |       0 |   0.0 |      12 |       0 |   0.0
    Snake:4 |    3645 |     320 |   8.1 |       7 |       2 |  22.2
      Orc:1 |    1879 |    1321 |  41.3 |      23 |       7 |  23.3
      Orc:2 |       0 |   21193 | 100.0 |       0 |     140 | 100.0
            +---------+---------+-------+---------+---------+-------
